Map: Акрополь РВ

Players

Murena - Winner!

  • Race: Protoss Protoss
  • Spawn Location: 11:00

ИИ 1 (новичок)

  • Race: Protoss Protoss
  • Spawn Location: 5:00

VOD

Have the link to the VOD?

Description

Time

  • Played on: Aug. 19, 2019, 9:15 a.m.
  • Length: 5:27
Show
View Real Time Build Order
Export as new Build Order

Murena Protoss - Winner!

Build Orders:  

Get SALT Encoding   

  1  0:00  Probe  
  12  0:05  Probe  
  14  0:15  Probe  
  15  0:21  Pylon  
  15  0:40  Gateway  
  15  0:43  Probe  
  16  0:52  Gateway  
  16  0:57  Probe  
  17  1:07  Gateway  
  17  1:08  Probe  
  17  1:17  Pylon, Probe  
  19  1:27  Zealot  
  19  1:31  Probe, Assimilator  
  22  1:39  Zealot  
  24  1:43  Probe  
  25  1:52  Pylon  
  25  1:57  Zealot  
  25  1:59  Zealot  
  29  2:01  Probe  
  30  2:10  Zealot  
  32  2:16  Pylon  
  32  2:24  Zealot  
  32  2:28  Zealot  
  36  2:39  Pylon  
  36  2:40  Zealot  
  38  2:52  Zealot  
  38  2:56  Zealot  
  42  2:59  Probe  
  43  3:09  Probe  
  43  3:10  Zealot  
  43  3:12  Pylon  
  46  3:20  Zealot  
  46  3:22  Cybernetics Core  
  46  3:23  Zealot  
  50  3:36  Probe  
  50  3:41  Assimilator  
  51  3:49  Probe  
  52  4:00  Twilight Council  
  52  4:04  Robotics Facility  
  52  4:05  Robotics Facility  
  52  4:17  Zealot  
  54  4:18  Zealot  
  56  4:24  Zealot  
  58  4:50  Nexus  
  58  4:57  Pylon  
Show
View Real Time Build Order
Export as new Build Order

ИИ 1 (новичок) Protoss 

Build Orders:  

Get SALT Encoding   

  12  0:00  Probe  
  13  0:13  Probe  
  14  0:20  Pylon  
  14  0:36  Assimilator  
  14  0:43  Gateway  
  14  0:47  Pylon  
  14  1:14  Assimilator  
  14  1:23  Zealot  
  14  1:24  Probe  
  14  1:32  Probe  
  17  1:34  Cybernetics Core  
  18  1:42  Probe  
  19  1:54  Probe  
  20  2:03  Probe  
  21  2:10  Warp Gate  
  21  2:11  Probe  
  22  2:41  Stalker  
  24  4:14  Probe  
  24  4:40  Stalker  
  24  4:42  Pylon  
  26  4:52  Probe  
  19  5:04  Probe  
  18  5:12  Probe  
Tags
 
Add a new tag
Caveats
  • Supply blocks, unpowered buildings, or Contaminate may cause inaccurate times.
  • Supply counts are checked every 10 seconds.